 Dungeon Crawl Stone Soup version 0.30-a0-219-gf2db51d15e (webtiles) character file.

Game seed: 3601147347344447141

102 Zonian the Sneak (level 4, -7/23 HPs)
             Began as a Vine Stalker Brigand on Oct 7, 2022.
             Killed by nerve-wracking pain
             ... invoked by an orc priest
              (11 damage)
             ... on level 2 of the Dungeon.
             The game lasted 00:02:08 (1073 turns).

Zonian the Sneak (Vine Stalker Brigand)             Turns: 1073, Time: 00:02:08

Health: -7/23      AC:  3    Str: 13    XL:     4   Next: 78%
Magic:  0/5        EV: 12    Int: 11    God:
Gold:   42         SH:  0    Dex: 18    Spells: 3/3 levels left

rFire   . . .      SeeInvis .    a - +3 dagger
rCold   . . .      Faith    .    (no shield)
rNeg    . . .      Spirit   +    b - +0 robe
rPois   .          Reflect  .    (no helmet)
rElec   .          Harm     .    c - +0 cloak
rCorr   .          Rampage  .    (no gloves)
Will    .....                    (no boots)
Stlth   +++.......               (no amulet)
HPRegen 1.03/turn                (no ring)
MPRegen 0.09/turn                (no ring)

@: no status effects
A: fangs 2, regeneration 1, magic shield, antimagic bite, no potion heal 2
a: no special abilities


You were on level 2 of the Dungeon.
You visited 1 branch of the dungeon, and saw 2 of its levels.

You collected 42 gold pieces.

Inventory:

Hand Weapons
 a - a +3 dagger (weapon)
Missiles
 d - 6 poisoned darts (quivered)
 e - 3 curare-tipped darts
Armour
 b - a +0 robe (worn)
 c - a +0 cloak (worn)
Potions
 h - a potion of brilliance
 j - a potion of curing {unknown}
 l - a potion of magic {unknown}
 m - a potion of flight {unknown}


   Skills:
 + Level 2.4 Fighting
 + Level 2.5 Short Blades
 + Level 2.4 Throwing
 + Level 1.6 Dodging
 + Level 5.4 Stealth


You had 3 spell levels left.
You didn't know any spells.
Your spell library contained the following spells:

 Spells                   Type           Power      Damage    Failure   Level
 Cigotuvi's Dreadful Rot  Necr/Pois/Air  0%         N/A       47%         2
 Poisonous Vapours        Pois/Air       0%         N/A       47%         2
 Mephitic Cloud           Conj/Pois/Air  0%         N/A       71%         3


Dungeon Overview and Level Annotations

Branches:
Dungeon (2/15)

Altars:

Shops:
D:1 *


Innate Abilities, Weirdness & Mutations

You have extremely sharp teeth.
Your natural rate of healing is unusually fast.
When hurt, damage is shared between your health and your magic reserves.
Your bite disrupts and absorbs the magic of your enemies.
Potions cannot restore your health.


Message History

Things that are here:
a +0 whip; 2 stones; a kobold corpse 2 orc priests come into view.
Found a stone staircase leading down.
An orc comes into view. It is wielding a +0 hand axe.
The orc priest moves out of view.
There are monsters nearby!
Unknown command.
You throw a poisoned dart.
The poisoned dart barely misses the orc.
You throw a poisoned dart. The poisoned dart hits the orc.
The orc is poisoned.
You throw a poisoned dart. The poisoned dart hits the orc.
The orc looks even sicker.
The orc closely misses you.
Unknown command.
You hit the orc. You bite the orc.
You kill the orc!
You hit the orc priest. You bite the orc priest. You drain its power.
The orc priest is heavily wounded.
You hit the orc priest. You bite the orc priest. You drain its power.
The orc priest is almost dead.
The orc priest invokes the aid of Beogh against you.
Beogh smites you!
You hit the orc priest.
You kill the orc priest!
You hit the orc priest.
The orc priest is lightly wounded.
The orc priest looks encouraged for a moment.
Unknown command.
You hit the orc priest.
The orc priest is moderately wounded.
The orc priest invokes the aid of Beogh against you.
Beogh smites you!
Ouch! That really hurt!
* * * LOW HITPOINT WARNING * * *
You hit the orc priest but do no damage.
The orc priest is moderately wounded.
A hobgoblin comes into view.
The orc priest calls down the wrath of Beogh upon you.
Pain shoots through your body!
You die...

#########
#.o(g....
#@# #.# #.#
#.# #)# #.#
########.#
###......#.#
#..........#


You could see an orc priest and a hobgoblin.

Vanquished Creatures
  An orc priest (D:2)
  Jessica (D:2)
  2 dart slugs (D:1)
  An orc (D:2)
  2 ball pythons
  3 endoplasms
  A giant cockroach (D:1)
  4 goblins
  8 hobgoblins
  2 quokkas (D:1)
  6 bats (D:1)
  5 frilled lizards (D:1)
  3 kobolds
  3 rats (D:1)
42 creatures vanquished.

Notes
Turn   | Place    | Note
-------+----------+-------------------------------------------
     0 | D:1      | Zonian the Vine Stalker Brigand began the quest for the
                  | Orb.
     0 | D:1      | Reached XP level 1. HP: 11/11 MP: 2/2
    90 | D:1      | Reached skill level 1 in Dodging
    90 | D:1      | Reached XP level 2. HP: 15/15 MP: 3/3
   128 | D:1      | Found Munui's Assorted Antiques.
   130 | D:1      | Reached skill level 5 in Stealth
   322 | D:1      | Reached XP level 3. HP: 18/18 MP: 4/4
   754 | D:2      | Noticed Jessica
   765 | D:2      | Killed Jessica
   766 | D:2      | Gained mutation: Your natural rate of healing is unusually
                  | fast. [Vine Stalker growth]
   766 | D:2      | Reached XP level 4. HP: 22/23 MP: 5/5
  1073 | D:2      | Killed from afar by an orc priest

Illustrated notes

Levels and vault maps discovered:
D:1:      dpeg_arrival_long_road, layout_loops_ring, serial_shops, shop
D:2:      layout_basic, dilly_ecumenical_altar_fadedgnrine,
          kennysheep_generic_room_13, uniq_jessica

Skill      XL: |  1  2 |
---------------+-------+-----
Dodging        | 1 |  1.6
Stealth        | 5 |  5.4
Short Blades   | 2 |  2.5
Throwing       | 2 |  2.4
Fighting       | 2 |  2.4

Action                   |  1- 3 |  4- 6 || total
-------------------------+-------+-------++-------
Melee: Dagger            |    74 |    13 ||    87
       Bite              |    16 |     5 ||    21
Throw: Dart              |       |     3 ||     3
  Use: Scroll            |       |     4 ||     4
 Stab: Sleeping          |    13 |     2 ||    15
Armor: Robe              |    15 |     1 ||    16
Dodge: Dodged            |    26 |     1 ||    27

Table legend: (Time is in decaauts)
 A = Elapsed time spent in this place.
 B = Non-inter-level travel time spent in this place.
 C = Inter-level travel time spent in this place.
 D = Time resting spent in this place.
 E = Time spent auto-exploring this place.
 F = Levels seen in this place.
 G = Mean time per level.
                   A        B        C        D        E       F      G
               +--------+--------+--------+--------+--------+-----+--------+
         Total |   1063 |   1041 |     22 |    200 |    574 |   2 |  531.5 |
       Dungeon |   1063 |   1041 |     22 |    200 |    574 |   2 |  531.5 |
               +--------+--------+--------+--------+--------+-----+--------+

Top non-repeatable levels by time:
     D:1: 747 daAuts
     D:2: 316 daAuts
